 Dungeon Crawl Stone Soup version 0.32-a0-699-g1ee5eff69a (webtiles) character file.

Game seed: 9607748474908645365

133 cojito the Shooter (level 4, 0/38 HPs)
             Began as a Mountain Dwarf Hunter on Mar 14, 2024.
             Slain by Ijyb
             ... wielding a +0 mace
              (9 damage)
             ... while paralysed by Ijyb
             ... on level 3 of the Dungeon.
             The game lasted 00:05:00 (2364 turns).

cojito the Shooter (Mountain Dwarf Hunter)          Turns: 2364, Time: 00:05:01

Health: 0/38       AC:  3    Str: 16    XL:     4   Next: 94%
Magic:  4/4        EV:  2    Int:  9    God:
Gold:   207        SH:  0    Dex: 13    Spells: 3/3 levels left

rFire   . . .        a - +1 shortbow
rCold   . . .        (shield currently unavailable)
rNeg    . . .        c - +0 leather armour
rPois   +            (helmet restricted)
rElec   .            (no cloak)
rCorr   .            (no gloves)
SInv    .            (no boots)
Will    .....        (no amulet)
Stlth   ++           (no ring)
HPRegen 0.26/turn    (no ring)
MPRegen 0.09/turn

%: no passive effects
@: paralysed, invisible
A: runic magic, artefact enchanting, horns 1, poison resistance, MP-powered
wands
a: no special abilities


You were on level 3 of the Dungeon.
You visited 1 branch of the dungeon, and saw 3 of its levels.

You collected 207 gold pieces.

Inventory:

Hand Weapons
 a - a +1 shortbow (weapon)
Armour
 c - a +0 leather armour (worn)
Jewellery
 j - a ring of resist corrosion
Scrolls
 e - a scroll of enchant weapon
 i - a scroll of amnesia {unknown}
 m - a scroll of fog {unknown}
 n - 2 scrolls of teleportation {unknown}
Potions
 d - 2 potions of curing
 h - 4 potions of mutation
 l - a potion of enlightenment
 p - a potion of attraction {unknown}


   Skills:
 + Level 3.2 Fighting
 * Level 4.1 Ranged Weapons
 + Level 2.1 Dodging
 + Level 1.7 Stealth


You had 3 spell levels left.
You didn't know any spells.
Your spell library contained the following spells:

 Spells                   Type           Power      Damage    Failure   Level
 Slow                     Hex            0%         N/A       38%         1
 Confusing Touch          Hex            0%         N/A       77%         3
 Vampiric Draining        Necr           0%         2d6       77%         3


Dungeon Overview and Level Annotations

Branches:
Dungeon (3/15)

Altars:

Annotations:
D:3 Ijyb


Innate Abilities, Weirdness & Mutations

Your spellcasting is much less encumbered by armour.
You can use scrolls of enchantment on lesser artefacts.
You have a pair of small horns on your head.
Your system is resistant to poisons. (rPois)
You expend magic power (3 MP) to strengthen your wands.


Message History

You are too injured to fight recklessly!
Fire: a) +1 shortbow
Press: ? - help, Q - select action Shift-Dir - straight line, f/p - Ijyb
Aim: Ijyb, wielding a +0 mace, wearing a +0 scale mail and carrying a wand of paralysis (moderately wounded, unable to see you, 58% to hit)
You shoot an arrow. The arrow hits Ijyb.
Ijyb is heavily wounded.
Ijyb hits you but does no damage.
Fire: a) +1 shortbow
Press: ? - help, Q - select action Shift-Dir - straight line, f/p - Ijyb
Aim: Ijyb, wielding a +0 mace, wearing a +0 scale mail and carrying a wand of paralysis (heavily wounded, unable to see you, 58% to hit)
You shoot an arrow. The arrow hits Ijyb but does no damage.
Ijyb is heavily wounded.
Ijyb closely misses you.
Fire: a) +1 shortbow
Press: ? - help, Q - select action Shift-Dir - straight line, f/p - Ijyb
Aim: Ijyb, wielding a +0 mace, wearing a +0 scale mail and carrying a wand of paralysis (heavily wounded, unable to see you, 58% to hit)
You shoot an arrow. The arrow hits Ijyb but does no damage.
Ijyb is heavily wounded.
Ijyb misses you.
Fire: a) +1 shortbow
Press: ? - help, Q - select action Shift-Dir - straight line, f/p - Ijyb
Aim: Ijyb, wielding a +0 mace, wearing a +0 scale mail and carrying a wand of paralysis (heavily wounded, unable to see you, 58% to hit)
You shoot an arrow. The arrow hits Ijyb but does no damage.
Ijyb is heavily wounded.
Ijyb zaps a wand.
You resist with some effort.
Fire: a) +1 shortbow
Press: ? - help, Q - select action Shift-Dir - straight line, f/p - Ijyb
Aim: Ijyb, wielding a +0 mace, wearing a +0 scale mail and carrying a wand of paralysis (heavily wounded, unable to see you, 58% to hit)
You shoot an arrow. The arrow barely misses Ijyb.
Ijyb hits you with a +0 mace!
* * * LOW HITPOINT WARNING * * *
Fire: a) +1 shortbow
Press: ? - help, Q - select action Shift-Dir - straight line, f/p - Ijyb
Aim: Ijyb, wielding a +0 mace, wearing a +0 scale mail and carrying a wand of paralysis (heavily wounded, unable to see you, 58% to hit)
You shoot an arrow. The arrow barely misses Ijyb.
Ijyb zaps a wand.
You suddenly lose the ability to move!
Ijyb stops to check on her wand.
Ijyb hits you with a +0 mace!
You die...
Ijyb screams, "Time for next experiment!"

##..#..#.###..)# #g#
....<........)# #.#
#..#..#.####..#####.#
#........#.)..<.....#
#...#.#.#..#..#######
#....#.#.#.#..# #.....###.....#
###.g#.#.#.#.## #.#@#.#.##.#
#.##...###.# #.###...)..# #.#
#..##### #.# #..# #.# #..#
#############.# #..#############
##............†# #...............
##.###########.###.##############


You could see Ijyb (unable to see you).

Vanquished Creatures
  An orc priest (D:3)
  4 adders (D:2)
  A dart slug (D:1)
  A ribbon worm (D:3)
  3 orcs (D:3)
  3 ball pythons
  7 bats
  3 endoplasms
  9 goblins
  5 hobgoblins
  6 jackals
  5 kobolds
  3 quokkas
  3 frilled lizards
  5 rats
59 creatures vanquished.

Notes
Turn   | Place    | Note
-------+----------+-------------------------------------------
     0 | D:1      | cojito the Mountain Dwarf Hunter began the quest for the
                  | Orb.
     0 | D:1      | Reached XP level 1. HP: 17/17 MP: 1/1
    77 | D:1      | Reached XP level 2. HP: 14/25 MP: 2/2
    81 | D:1      | Reached skill level 1 in Stealth
   555 | D:1      | Reached XP level 3. HP: 30/30 MP: 3/3
   846 | D:2      | Found a faded altar of an unknown god.
  1395 | D:2      | Reached XP level 4. HP: 36/37 MP: 4/4
  1652 | D:3      | Reached skill level 4 in Ranged Weapons
  1676 | D:3      | Noticed Ijyb
  1684 | D:3      | Paralysed by Ijyb for 4 turns
  1724 | D:3      | Paralysed by Ijyb for 5 turns
  1744 | D:3      | Paralysed by Ijyb for 2 turns
  1752 | D:3      | Paralysed by Ijyb for 5 turns
  1760 | D:3      | Paralysed by Ijyb for 3 turns
  2345 | D:3      | Paralysed by Ijyb for 5 turns
  2350 | D:3      | Gained mutation: You have a pair of small horns on your
                  | head. [potion of mutation]
  2350 | D:3      | Gained mutation: You expend magic power (3 MP) to
                  | strengthen your wands. [potion of mutation]
  2350 | D:3      | Gained mutation: Your system is resistant to poisons.
                  | (rPois) [potion of mutation]
  2356 | D:3      | Paralysed by Ijyb for 2 turns
  2364 | D:3      | Paralysed by Ijyb for 3 turns
  2364 | D:3      | Slain by Ijyb

Illustrated notes

Levels and vault maps discovered:
D:1:      tarquinn_simple_flora_water_d, layout_loops_ring,
          minmay_misc_feat_secret_circle, nicolae_titane
D:2:      layout_basic, hellmonk_ecumenical_altar_crossroads
D:3:      kennysheep_the_goblin_king, layout_loops_ring,
          guppyfry_early_lair_pool

Skill      XL: |  1  2  3  4 |
---------------+-------------+-----
Stealth        | 1 |  1.7
Fighting       | 3 |  3.2
Dodging        | 2 |  2.1
Ranged Weapons | 4 |  4.1

Action                     |  1- 3 |  4- 6 || total
---------------------------+-------+-------++-------
   Fire: Shortbow          |   128 |   119 ||   247
    Use: Potion            |       |     5 ||     5
         Scroll            |       |     4 ||     4
 Armour: Leather armour    |    51 |    62 ||   113
  Dodge: Dodged            |    45 |    27 ||    72

Table legend: (Time is in decaauts)
 A = Elapsed time spent in this place.
 B = Non-inter-level travel time spent in this place.
 C = Inter-level travel time spent in this place.
 D = Time resting spent in this place.
 E = Time spent auto-exploring this place.
 F = Levels seen in this place.
 G = Mean time per level.
                   A        B        C        D        E       F      G
               +--------+--------+--------+--------+--------+-----+--------+
         Total |   2409 |   2367 |     42 |    350 |   1536 |   3 |  803.0 |
       Dungeon |   2409 |   2367 |     42 |    350 |   1536 |   3 |  803.0 |
               +--------+--------+--------+--------+--------+-----+--------+

Top non-repeatable levels by time:
     D:2: 868 daAuts
     D:3: 804 daAuts
     D:1: 737 daAuts
